 Dungeon Crawl Stone Soup version 0.21.1-1-g345015fe64 (webtiles) character file.

2479 Dracia the Basher (level 9, -5/59 HPs)
             Began as a Gargoyle Fighter on May 17, 2018.
             Slain by an ogre
             ... wielding a +0 giant spiked club
              (18 damage)
             ... on level 6 of the Dungeon.
             The game lasted 00:08:15 (5650 turns).

Dracia the Basher (Gargoyle Fighter)                Turns: 5650, Time: 00:08:16

Health: -5/59      AC: 14    Str: 24    XL:     9   Next: 51%
Magic:  9/9        EV:  8    Int: 10    God:
Gold:   160        SH: 12    Dex: 12    Spells: 8/8 levels left

rFire    . . .     SeeInvis .   r - +4 long sword of Circular Logic {slice, Str+5}
rCold    . . .     Gourm    .   c - +1 shield
rNeg     + . .     Faith    .   b - +0 scale mail
rPois    ∞         Spirit   .   (no helmet)
rElec    +         Reflect  .   (no cloak)
rCorr    +         Harm     .   e - +0 pair of gloves
MR       .....                  (no boots)
Stlth    ..........             (no amulet)
HPRegen  0.19/turn              p - ring of resist corrosion
MPRegen  0.11/turn              (no ring)

@: no status effects
A: negative energy resistance 1, electricity resistance, unbreathing,
petrification resistance, rot immunity, AC +6
a: no special abilities


You were on level 6 of the Dungeon.
You were hungry.

You visited 1 branch of the dungeon, and saw 6 of its levels.

You collected 160 gold pieces.


Innate Abilities, Weirdness & Mutations

You are resistant to torment.
Your stone body is resilient. (AC +6)
You are immune to poison.
You resist negative energy. (rN+)
You are resistant to electric shocks. (rElec)
You can survive without breathing.
You are immune to petrification.
You are immune to rotting.


   Skills:
 + Level 8.0 Fighting
 + Level 3.0 Long Blades
 - Level 8.1 Maces & Flails
 - Level 3.2 Armour
 + Level 7.7 Shields


You had 8 spell levels left.
You didn't know any spells.

Inventory:

Hand Weapons
 a - a +2 flail
 r - the +4 long sword of Circular Logic (weapon) {slice, Str+5}
   (You found it on level 6 of the Dungeon)

   It inflicts extra damage upon your enemies.
   It affects your strength (+5).
Armour
 b - a +0 scale mail (worn)
 c - a +1 shield (worn)
 e - a +0 pair of gloves (worn)
 j - a +1 helmet
 v - a +2 pair of gloves
Jewellery
 p - a ring of resist corrosion (left hand)
Wands
 s - a wand of paralysis (21)
Scrolls
 h - 6 scrolls of identify
 i - 2 scrolls of amnesia
 k - 2 scrolls of blinking
 l - a scroll of acquirement {unknown}
 m - a scroll of fog
 n - a scroll of teleportation
 u - 2 scrolls of enchant weapon
Potions
 d - 5 potions of might
 g - 2 potions of agility {unknown}
 o - 3 potions of flight {unknown}
 q - 2 potions of haste {unknown}
 t - 2 potions of curing {unknown}
 w - a potion of lignification {unknown}
 x - a potion of degeneration {unknown}
 z - a potion of magic {unknown}
Comestibles
 f - 13 rations

Dungeon Overview and Level Annotations

Branches:
Dungeon (6/15)
 Temple: D:4-7

Altars:
Cheibriados
Hepliaklqana
Sif Muna
Uskayaw
Wu Jian

#.##.######.###### #.#
####'##.###..#.#....####.#
#............#.'......(..#
#.........<..###....######
#............'...#### ####
####......######## #...
######'# #.## #.# #.# #9#
#.# #O# #.## ..# #... ##..
#### ..# ### #### #...


You could see an ogre.


Message History

Your Shields skill increases to level 7!
The hound bites you.
* * * LOW HITPOINT WARNING * * *
You miss the hound. You block the hound's attack. The hound closely misses you.
You completely miss the hound. The hound bites you.
* * * LOW HITPOINT WARNING * * *
You block the hound's attack.
You closely miss the hound. You block the hound's attack.
The hound bites you but does no damage.
You closely miss the hound. You block the hound's attack. x2
You slash the hound!
The hound is almost dead.
The hound bites you but does no damage. You block the hound's attack.
You closely miss the hound.
The hound is almost dead.
The hound bites you.
* * * LOW HITPOINT WARNING * * *
The hound barely misses you.
You hit the hound but do no damage.
The hound is almost dead.
The hound closely misses you. x2
An ogre comes into view. It is wielding a giant spiked club.
The ogre shouts!
You hit the hound.
You kill the hound!
Your Fighting skill increases to level 8!
Your Long Blades skill increases to level 3!
You barely miss the ogre.
The ogre hits you with a giant spiked club!!
You die...

Action                   |  1- 3 |  4- 6 |  7- 9 || total
-------------------------+-------+-------+-------++-------
Melee: Flail             |   137 |   150 |   238 ||   525
       Long sword        |       |       |    47 ||    47
  Use: Scroll            |       |     7 |     4 ||    11
  Eat: Chunk             |     1 |     3 |     8 ||    12
       Ration            |       |     1 |       ||     1
Armor: Scale mail        |   107 |   102 |   179 ||   388
Dodge: Dodged            |    70 |    67 |    93 ||   230
Block: Shield            |    73 |   105 |   196 ||   374
       Rpst.: Long sword |       |       |     3 ||     3

Vault maps used:
D:1:      lightli_arrival_statue_moat
D:2:      lemuel_crystal_altar
D:3:      kennysheep_slug_shrine, old_standard_altar
D:4:      supply_closet_lemuel, minmay_misc_feat_nine_boxes, uniq_menkaure
D:5:      marbit_many_paths, first_ration
D:6:      zin_academy, minmay_temple_entry_nine_rooms, basic_altar,
          uniq_blork_the_orc

Notes
Turn   | Place    | Note
-------+----------+-------------------------------------------
     0 | D:1      | Dracia the Gargoyle Fighter began the quest for the Orb.
     0 | D:1      | Reached XP level 1. HP: 14/14 MP: 1/1
   181 | D:1      | Reached XP level 2. HP: 17/19 MP: 2/2
   456 | D:1      | Reached skill level 3 in Maces & Flails
   460 | D:1      | Reached XP level 3. HP: 23/24 MP: 3/3
  1044 | D:2      | Reached XP level 4. HP: 28/29 MP: 4/4
  1057 | D:2      | Reached skill level 4 in Fighting
  1293 | D:2      | Reached skill level 4 in Maces & Flails
  1303 | D:2      | Reached XP level 5. HP: 26/33 MP: 5/5
  1424 | D:2      | Reached skill level 4 in Shields
  1712 | D:2      | Found a hazy altar of Hepliaklqana.
  2072 | D:3      | Found a snail-covered altar of Cheibriados.
  2073 | D:3      | Found an ornate altar of the Wu Jian Council.
  2492 | D:4      | Reached XP level 6. HP: 37/39 MP: 6/6
  2513 | D:4      | Noticed Menkaure
  2522 | D:4      | Killed Menkaure
  2522 | D:4      | Reached skill level 5 in Fighting
  2522 | D:4      | Reached skill level 5 in Maces & Flails
  2530 | D:4      | Reached XP level 7. HP: 25/44 MP: 7/7
  3110 | D:4      | Reached skill level 5 in Shields
  3123 | D:4      | Reached skill level 6 in Maces & Flails
  3361 | D:5      | Entered Level 5 of the Dungeon
  3667 | D:5      | Reached XP level 8. HP: 48/51 MP: 8/8
  3726 | D:5      | Reached skill level 6 in Fighting
  3878 | D:5      | Reached skill level 7 in Maces & Flails
  3929 | D:5      | Noticed supermoro's ghost (novice KoEn)
  4032 | D:5      | Killed supermoro's ghost
  4032 | D:5      | Reached skill level 6 in Shields
  4433 | D:5      | Reached skill level 8 in Maces & Flails
  4530 | D:5      | Found a hide-covered altar of Uskayaw.
  4762 | D:6      | Found a deep blue altar of Sif Muna.
  4823 | D:6      | Got a fine long sword
  4824 | D:6      | Identified the +4 long sword of Circular Logic {slice, Str+5} (You found it on level 6 of the Dungeon)
  4846 | D:6      | Noticed Blork the orc
  4856 | D:6      | Killed Blork the orc
  5129 | D:6      | Reached skill level 7 in Fighting
  5129 | D:6      | Reached XP level 9. HP: 16/57 MP: 9/9
  5136 | D:6      | Reached skill level 1 in Long Blades
  5633 | D:6      | Noticed a two-headed ogre
  5641 | D:6      | Killed a two-headed ogre
  5641 | D:6      | Reached skill level 2 in Long Blades
  5641 | D:6      | Reached skill level 7 in Shields
  5649 | D:6      | Reached skill level 8 in Fighting
  5649 | D:6      | Reached skill level 3 in Long Blades
  5650 | D:6      | Slain by an ogre

Vanquished Creatures
  A two-headed ogre (D:6)
  The ghost of supermoro the Sneak, a novice KoEn of Gozag (D:5)
  Menkaure (D:4)
  An ice beast (D:5)
  2 sky beasts (D:5)
  An ogre (D:5)
  A centaur (D:5)
  Blork the orc (D:6)
  A bullfrog (D:2)
  A water moccasin zombie (D:5)
  2 scorpions (D:4)
  5 wights (D:6)
  A howler monkey (D:4)
  2 hounds
  An orc wizard (D:3)
  An iguana (D:5)
  5 worker ants
  A hound skeleton (D:5)
  11 gnolls
  6 adders
  An ooze (D:1)
  5 dart slugs
  3 worms
  2 leopard geckos (D:1)
  8 orcs
  2 ball pythons
  4 giant cockroaches
  8 goblins
  9 hobgoblins
  8 jackals
  8 kobolds
  3 quokkas
  6 bats
  6 frilled lizards
  A giant cockroach zombie (D:5)
  A jackal skeleton (D:4)
  9 rats
130 creatures vanquished.
